 Dungeon Crawl Stone Soup version 0.13.1-27-ga479965 (webtiles) character file.

148754 Chiseanne the Eclecticist (level 16, -3/96 HPs)
             Began as a Mummy Fire Elementalist on Feb 11, 2014.
             Was the Champion of Vehumet.
             Shot with a poisoned bolt by a yaktaur captain (15 damage)
             ... on Level 19 of the Dungeon on Feb 12, 2014.
             The game lasted 05:27:47 (79101 turns).

Chiseanne the Eclecticist (MuFE)                   Turns: 79101, Time: 05:27:47

HP  -3/96        AC 13     Str 11      XL: 16   Next: 93%
MP   9/47        EV 12     Int 22      God: Vehumet [******]
Gold 770         SH  0     Dex 12      Spells: 11 memorised,  5 levels left

Res.Fire  : + . .   See Invis. : .   a - staff of wizardry
Res.Cold  : + + .   Warding    : .   b - +1 robe {rC+ rF+}
Life Prot.: + + +   Conserve   : .   (no shield)
Res.Poison: +       Res.Corr.  : .   r - +2 helmet {Int+3}
Res.Elec. : .       Clarity    : +   v - +1 dwarf cloak
Sust.Abil.: . .     Spirit.Shd : .   B - +2 pair of elf bracers {archer}
Res.Mut.  : .       Stasis     : .   g - +1 pair of boots {Fly}
Res.Rott. : +       Flight     : +   x - amulet of clarity
Saprovore : . . .                    j - ring of protection from fire
                                     k - ring of magical power

@: repel missiles, flying, quite resistant to hostile enchantments, fairly
stealthy
A: no food or potions, fire vulnerability, in touch with death, restore body,
cold resistance 1, life protection 3, poison resistance, torment resistance,
unbreathing
a: Self-Restoration, Renounce Religion, Stop Flying


You were on level 19 of the Dungeon.
You worshipped Vehumet.
Vehumet was exalted by your worship.
You were not hungry.

You visited 5 branches of the dungeon, and saw 33 of its levels.
You visited 1 bazaar.

You collected 2751 gold pieces.
You spent 2001 gold pieces at shops.

Inventory:

Hand weapons
 d - a +0,+0 triple sword of protection
 q - the +1,-1 great mace of Supply {flame, rElec rN+}
   (You found it on level 19 of the Dungeon)

   It emits flame when wielded, causing extra injury to most foes and up to
   double damage against particularly susceptible opponents.
   It insulates you from electricity.
   It protects you from negative energy.
 s - the -1,-2 long sword of Cataclysm {vamp, +Blink +Inv rN+ MR++ Str+2}
   (You found it on level 7 of the Lair of Beasts)

   It inflicts no extra harm, but heals its wielder somewhat when it strikes a
   living foe.
   It affects your strength (+2).
   It protects you from negative energy.
   It affects your resistance to hostile enchantments.
   It lets you turn invisible.
   It lets you blink.
Armour
 b - a +1 robe of resistance (worn)
 g - a +1 pair of boots of flying (worn)
 r - a +2 helmet of intelligence (worn)
 v - a +1 dwarven cloak (worn)
 B - a +2 pair of elven bracers of archery (worn)
Magical devices
 h - a wand of disintegration (7)
 l - a wand of draining (0)
 p - a wand of fireball (3)
 t - a wand of enslavement (4)
 A - a wand of fire (0)
Scrolls
 c - 2 scrolls of immolation
 e - a scroll of fog
 f - a scroll of enchant weapon I
 n - 2 scrolls of identify
 u - a scroll of remove curse
 C - a scroll of teleportation
Jewellery
 j - a ring of protection from fire (right hand)
 k - a ring of magical power (left hand)
 x - an amulet of clarity (around neck)
Magical staves
 a - an uncursed staff of wizardry (weapon)
 y - an uncursed staff of death
Miscellaneous
 m - a stone of tremors (inert)
 o - a plain deck of dungeons
 w - a stone of tremors (inert)


   Skills:
 - Level 1.5 Dodging
 - Level 1.5 Stealth
 * Level 17.3 Spellcasting
 * Level 12.0 Conjurations
 - Level 10.0 Charms
 * Level 13.3 Fire Magic


You had 5 spell levels left.
You knew the following spells:

 Your Spells              Type           Power        Failure   Level  Hunger
a - Iskenderun's Battles  Conj/Chrm      ######..     1%          4    N/A
b - Iskenderun's Mystic   Conj           ######..     1%          4    N/A
c - Fireball              Conj/Fire      ######....   1%          5    N/A
d - Orb of Destruction    Conj           ######....   2%          7    N/A
e - Inner Flame           Hex/Fire       #####...     1%          3    N/A
f - Throw Flame           Conj/Fire      ######       1%          2    N/A
g - Ignite Poison         Fire/Trmt      #####.....   1%          5    N/A
h - Conjure Flame         Conj/Fire      ######..     1%          3    N/A
i - Repel Missiles        Chrm/Air       #####.....   1%          2    N/A
j - Delayed Fireball      Conj/Fire      N/A          1%          7    N/A
k - Ring of Flames        Chrm/Fire      ######....   7%          7    N/A

Dungeon Overview and Level Annotations

Branches:
Dungeon (19/27)            Temple (1/1) D:4             Orc (4/4) D:6
    Elf (1/3) Orc:3          Lair (8/8) D:13         Shoals (0/5) Lair:5
 Spider (0/5) Lair:3        Slime (0/6) Lair:8
 Vaults: D:15-20

Altars:
Ashenzari
Cheibriados
Elyvilon
Fedhas
Kikubaaqudgha
Makhleb
Nemelex Xobeh
Okawaru
Sif Muna
Trog
Vehumet
Xom
Yredelemnul
Zin
the Shining One
Jiyva

Shops:
D:8 [%   D:13 [   D:17 [   D:19 =(   Orc:4 +*!(


Innate Abilities, Weirdness & Mutations

You do not eat or drink.
Your flesh is vulnerable to fire.
You are in touch with the powers of death.
You can restore your body by infusing magical energy.
Your flesh is cold resistant.
You are immune to negative energy.
Your system is resistant to poisons.
You are immune to unholy pain and torment.
You can survive without breathing.


Message History

The yaktaur captain wields a runed scythe.
It begins to drip with poison!
There is an open door here.
Which direction?
There isn't anything that you can close there!
The yaktaur captain seems to regain its courage.
The yaktaur captain unwields an uncursed scythe of venom.
It stops dripping with poison.
The yaktaur captain wields a crossbow.
The yaktaur captain shoots a poisoned bolt.
The poisoned bolt hits you!
* * * LOW HITPOINT WARNING * * *
There is an open door here.
You see here a poisoned bolt.
The great orb of eyes gazes at you. You resist.
The great orb of eyes gazes at you. You resist.
The yaktaur captain shoots a poisoned bolt.
The poisoned bolt hits you!
You die...

#####........(..................≈
$?$<#........(..................≈
.$.T#%))...c...........>........≈
$?.ZHC.....G...#####......######'
)!..#.####...*.#...#......#....<)
}. #.# #.....(...#......#...... )
#.# #.....#...#......#....). #.#
#.....'...#......#####'# #.#
#.....#@..#............. #.#
#.....#...#.######.##### ..#
#.....#...#.#....#.# ###
#.....#...#.'....#.#
#######.....#...#.#....#.#
........................#.#
.........................#.#
#............##..##.....#.#
#............##(.##.....#.#


You could see a yaktaur captain and a great orb of eyes.

Vanquished Creatures
  An ancient lich (D:19)
  Rupert (D:16)
  Agnes (D:14)
  A deep elf sorcerer (D:19)
  Louise (D:18)
  Azrael (D:18)
  A vault guard (D:19)
  A yaktaur captain (D:19)
  Harold (Orc:4)
  Josephine (Orc:3)
  3 ogre magi
  The ghost of smajdalf the Conjurer, a powerful DrCj of Vehumet (Lair:2)
  Nessos (Orc:4)
  6 hydras
  A very ugly thing (D:19)
  3 orc high priests
  Nergalle (D:19)
  A rakshasa (D:18)
  A catoblepas (D:18)
  12 centaur warriors
  4 iron golems (D:19)
  10 skeletal warriors
  A deep elf knight (D:18)
  Erolcha (Orc:1)
  3 unseen horrors
  A wizard (D:19)
  2 giant amoebae
  A human (D:19)
  7 hill giants
  4 crystal golems (D:19)
  A wolf spider zombie (D:19)
  An unseen horror (shapeshifter) (D:19)
  Joseph (Orc:1)
  2 orc knights
  7 cyclopes
  A red wasp (D:18)
  An oklob plant (Lair:8)
  2 wolf spiders
  A phantasmal warrior (D:19)
  4 black mambas
  4 orc sorcerers (Orc:4)
  28 elephants
  A stone giant skeleton (D:16)
  An eye of devastation (D:18)
  4 stone golems (D:19)
  5 spiny frogs
  A queen ant (shapeshifter) (D:19)
  Psyche (Orc:4)
  A spiny frog (shapeshifter) (D:16)
  2 yaktaurs
  An item mimic (D:13)
  An efreet (D:17)
  4 fire drakes
  2 giant fireflies (shapeshifter)
  3 deep elf priests (D:17)
  7 polar bears
  6 trolls
  27 blink frogs
  Sonja (Orc:2)
  5 two-headed ogres
  A baby alligator (shapeshifter) (D:19)
  A spectral orc (D:19)
  7 komodo dragons
  Prince Ribbit (D:4)
  A blue devil (Orc:4)
  A raven (shapeshifter) (D:19)
  An ettin zombie (D:19)
  A red wasp zombie (D:19)
  9 slime creatures
  2 boulder beetles
  3 basilisks
  11 grizzly bears (Lair:8)
  A griffon skeleton (D:17)
  50 ugly things
  5 fire elementals (D:18)
  7 wraiths
  6 wyverns
  62 yaks
  An ettin skeleton (D:17)
  A trapdoor spider (D:19)
  4 toenail golems (D:19)
  7 hungry ghosts
  A vampire (D:17)
  Grum (D:10)
  2 elephant slugs
  3 steam dragons
  5 deep elf fighters (D:17)
  6 clay golems (D:19)
  A hog (shapeshifter) (D:13)
  13 hippogriffs
  2 spriggan skeletons (D:13)
  5 mottled dragons
  14 wolves
  Edmund (D:6)
  3 soldier ants
  10 vampire mosquitoes
  2 manticores
  10 porcupines
  5 hell hounds
  3 necrophages
  4 giant goldfish (Lair:1)
  29 orc warriors
  4 ice beasts
  9 black bears
  2 freezing wraiths
  25 ogres
  6 sky beasts
  A boring beetle (Lair:7)
  3 phantoms
  23 centaurs
  8 wargs
  Duvessa (Orc:1)
  12 crocodiles
  A brain worm (D:14)
  A yaktaur zombie (D:18)
  3 giant slugs
  6 big kobolds
  Blork the orc (D:5)
  14 water moccasins
  20 giant frogs
  6 agate snails
  A gnoll sergeant (D:9)
  A cyclops skeleton (D:14)
  4 eyes of draining
  12 killer bees
  14 wights
  3 yak skeletons
  A basilisk zombie (D:17)
  2 electric eels (Lair:8)
  7 jellies
  15 crimson imps
  9 goliath beetles
  2 giant frog zombies
  Dowan (Orc:1)
  19 hounds
  A cyclops simulacrum (D:17)
  37 orc priests
  Crazy Yiuf (D:3)
  2 centaur skeletons (D:13)
  A giant frog skeleton (D:7)
  A giant slug simulacrum (D:19)
  54 orc wizards
  A two-headed ogre skeleton (D:13)
  8 iguanas
  2 scorpions
  A troll simulacrum (Orc:3)
  12 worker ants
  A rock worm simulacrum (D:16)
  2 shapeshifter simulacra
  A human zombie (Orc:4)
  14 sheep
  Jessica (D:2)
  A sky beast zombie (D:8)
  8 boggarts
  A crocodile skeleton (D:11)
  21 gnolls
  33 adders
  7 giant centipedes
  39 green rats
  A shadow imp (D:13)
  6 giant mites
  6 worms
  A goliath beetle zombie (D:8)
  An adder skeleton (D:5)
  An adder zombie (D:9)
  A giant eyeball (D:6)
  11 giant geckos
  5 oozes
  233 orcs
  6 ball pythons
  8 giant cockroaches
  37 goblins
  24 hobgoblins
  43 kobolds
  17 quokkas
  27 bats
  9 giant newts
  3 giant spores
  2 hobgoblin zombies
  38 jackals
  A jackal skeleton (D:4)
  4 orc skeletons
  3 orc zombies
  A quokka skeleton (D:6)
  A quokka zombie (D:6)
  23 rats
  A rat skeleton (D:4)
  A rat zombie (D:6)
  9 ballistomycetes
  A bush (Lair:5)
  28 fungi
  11 plants
1554 creatures vanquished.

Vanquished Creatures (collateral kills)
  An oklob plant (Lair:8)
  A water elemental (D:19)
  A fungus (Lair:8)
  A plant (Lair:8)
4 creatures vanquished.

Vanquished Creatures (others)
  Boris (D:19)
  An unseen horror (shapeshifter) (D:19)
  3 earth elementals
  A quokka (D:17)
  A giant spore (D:8)
  13 fungi
  9 plants
29 creatures vanquished.

Grand Total: 1587 creatures vanquished

Notes
Turn   | Place    | Note
--------------------------------------------------------------
     0 | D:1      | Chiseanne, the Mummy Fire Elementalist, began the quest for the Orb.
     0 | D:1      | Reached XP level 1. HP: 13/13 MP: 3/3
   166 | D:1      | Reached skill level 1 in Conjurations
   406 | D:1      | Reached XP level 2. HP: 8/19 MP: 1/4
  1167 | D:1      | Found a shattered altar of Ashenzari.
  1567 | D:1      | Reached XP level 3. HP: 24/24 MP: 6/6
  2161 | D:2      | Noticed Jessica
  2334 | D:2      | Killed Jessica
  2334 | D:2      | Reached XP level 4. HP: 27/30 MP: 6/8
  2480 | D:2      | Reached skill level 3 in Spellcasting
  3154 | D:2      | HP: 1/30 [something (1)]
  3483 | D:3      | Found a glowing silver altar of Zin.
  3581 | D:2      | Learned a level 2 spell: Throw Flame
  3585 | D:2      | Learned a level 3 spell: Conjure Flame
  3589 | D:2      | Learned a level 3 spell: Inner Flame
  4901 | D:3      | Reached XP level 5. HP: 35/35 MP: 6/11
  5098 | D:3      | Noticed Crazy Yiuf
  5119 | D:3      | Killed Crazy Yiuf
  5278 | D:3      | You fall through a shaft!
  5278 | D:5      | Entered Level 5 of the Dungeon
  5544 | D:5      | Reached skill level 4 in Spellcasting
  5939 | D:4      | Reached XP level 6. HP: 41/41 MP: 14/14
  6046 | D:4      | Noticed an ogre
  6076 | D:4      | Killed an ogre
  6516 | D:4      | Noticed Prince Ribbit
  6682 | D:4      | Killed Prince Ribbit
  6682 | D:4      | Reached skill level 5 in Spellcasting
  6682 | D:4      | Reached XP level 7. HP: 42/46 MP: 0/18
  7234 | D:4      | Found a staircase to the Ecumenical Temple.
  7467 | Temple   | Entered the Ecumenical Temple
  7572 | D:4      | Reached skill level 6 in Spellcasting
 13114 | D:3      | Noticed a fire crab
 13175 | D:5      | Reached XP level 8. HP: 42/52 MP: 20/20
 13256 | D:5      | Noticed Blork the orc
 13269 | D:5      | Killed Blork the orc
 13269 | D:5      | Reached skill level 5 in Conjurations
 13523 | D:5      | HP: 2/52 [it/magic dart (4)]
 16794 | D:4      | Reached skill level 7 in Spellcasting
 17582 | D:5      | Learned a level 5 spell: Fireball
 17908 | D:5      | Noticed a sky beast
 17927 | D:5      | Killed a sky beast
 17927 | D:5      | Reached skill level 8 in Spellcasting
 18414 | D:5      | Found a radiant altar of Vehumet.
 18426 | D:5      | Became a worshipper of Vehumet
 18431 | D:5      | Found a basalt altar of Yredelemnul.
 18435 | D:5      | Found a shimmering altar of Xom.
 18513 | D:6      | Reached XP level 9. HP: 57/57 MP: 17/24
 18536 | D:6      | Acquired Vehumet's first power
 18536 | D:6      | Offered knowledge of Shock by Vehumet.
 18707 | D:6      | Found a staircase to the Orcish Mines.
 18784 | D:6      | Noticed a hill giant
 18794 | D:6      | Killed a hill giant
 18794 | D:6      | Reached skill level 9 in Spellcasting
 18930 | D:6      | Noticed Edmund
 18936 | D:6      | Killed Edmund
 20503 | D:6      | Paralysed by a giant eyeball for 4 turns
 21203 | D:7      | Reached skill level 10 in Spellcasting
 21968 | D:8      | Offered knowledge of Sting by Vehumet.
 22336 | D:8      | Reached XP level 10. HP: 28/63 MP: 27/27
 22869 | D:8      | Found Laoxkuyc's Food Shop.
 23573 | D:8      | Offered knowledge of Stone Arrow by Vehumet.
 23821 | D:8      | Found Ycifuuza's Antique Armour Boutique.
 23827 | D:8      | Bought a ripped robe for 176 gold pieces
 23829 | D:8      | Identified the cursed -2 robe "Zaytait" {Dex-3 Acc+5} (You bought it in a shop on level 8 of the Dungeon)
 24013 | D:8      | Found a burning altar of Makhleb.
 24248 | D:9      | Reached skill level 11 in Spellcasting
 24258 | D:9      | Acquired Vehumet's second power
 24473 | D:9      | Found a viscous altar of Jiyva.
 24877 | D:9      | Learned a level 3 spell: Stone Arrow
 24882 | D:9      | Learned a level 3 spell: Mephitic Cloud
 24897 | D:9      | Offered knowledge of Iskenderun's Battlesphere by Vehumet.
 24903 | D:9      | Learned a level 4 spell: Iskenderun's Battlesphere
 25400 | D:9      | Reached XP level 11. HP: 68/68 MP: 16/29
 25476 | D:9      | Acquired Vehumet's third power
 25913 | D:9      | Reached skill level 12 in Spellcasting
 26068 | D:10     | Entered Level 10 of the Dungeon
 26083 | D:10     | Noticed a hill giant
 26091 | D:10     | Killed a hill giant
 26486 | D:10     | Offered knowledge of Iskenderun's Mystic Blast by Vehumet.
 26636 | D:10     | Noticed Grum
 26639 | D:10     | Killed Grum
 27089 | D:10     | Reached skill level 10 in Conjurations
 27565 | D:10     | Learned a level 4 spell: Iskenderun's Mystic Blast
 28361 | D:11     | Reached skill level 13 in Spellcasting
 29353 | D:12     | Noticed a hill giant
 29358 | D:12     | Killed a hill giant
 29361 | D:12     | Offered knowledge of Lee's Rapid Deconstruction by Vehumet.
 29364 | D:12     | Noticed an eight-headed hydra
 29662 | Orc:1    | Entered Level 1 of the Orcish Mines
 29662 | Orc:1    | Noticed Joseph
 29674 | Orc:1    | Killed Joseph
 29996 | Orc:1    | Reached XP level 12. HP: 53/74 MP: 32/32
 30198 | Orc:2    | Noticed Sonja
 30202 | Orc:2    | Killed Sonja
 30572 | Orc:3    | Found a staircase to the Elven Halls.
 31459 | D:12     | Killed an eight-headed hydra
 32235 | D:12     | Reached skill level 14 in Spellcasting
 32967 | D:13     | Reached skill level 5 in Fire Magic
 32968 | D:13     | Noticed a five-headed hydra
 32972 | D:13     | Killed a five-headed hydra
 33403 | D:9      | Got a distressingly furry leather armour
 33433 | D:9      | Identified the -1 leather armour of Divine Compulsion {Str-4 Dex+2} (You took it off a kobold on level 9 of the Dungeon)
 34001 | D:13     | Offered knowledge of Fulminant Prism by Vehumet.
 34814 | D:13     | Found Briuj's Armour Boutique.
 34821 | D:13     | Bought a +2 pair of boots of flying for 305 gold pieces
 35005 | D:13     | Learned a level 2 spell: Repel Missiles
 35564 | D:13     | Found a staircase to the Lair.
 35968 | Lair:1   | Entered Level 1 of the Lair of Beasts
 36968 | Lair:2   | Noticed smajdalf's ghost (powerful DrCj)
 37021 | Lair:2   | Killed smajdalf's ghost
 37021 | Lair:2   | Reached XP level 13. HP: 52/79 MP: 8/34
 37522 | Lair:2   | Offered knowledge of Orb of Destruction by Vehumet.
 37531 | Lair:2   | Learned a level 7 spell: Orb of Destruction
 37686 | Lair:2   | Got a tattered robe
 37719 | Lair:2   | Identified the +2 robe "Brogibar" {Str+4 Int+3} (You found it on level 2 of the Lair of Beasts)
 38351 | Lair:1   | Identified a scroll of acquirement
 38531 | Lair:3   | Reached skill level 15 in Spellcasting
 39458 | Lair:3   | Got a crystal short sword
 39462 | Lair:3   | Identified the +7,+9 short sword of the Warrior {antimagic, Dex-1} (You found it on level 3 of the Lair of Beasts)
 39544 | Lair:3   | Found a hole to the Spider Nest.
 42790 | Lair:5   | Found a staircase to the Shoals.
 43784 | Lair:5   | Offered knowledge of Iron Shot by Vehumet.
 45127 | Lair:6   | Reached skill level 16 in Spellcasting
 45403 | Lair:6   | Reached XP level 14. HP: 85/85 MP: 19/36
 46245 | Lair:7   | Got an encrusted long sword
 46246 | Lair:7   | Identified the cursed -1,-2 long sword of Cataclysm {vamp, +Blink +Inv rN+ MR++ Str+2} (You found it on level 7 of the Lair of Beasts)
 47085 | Lair:8   | Entered Level 8 of the Lair of Beasts
 47120 | Lair:8   | Reached skill level 10 in Fire Magic
 48409 | Lair:8   | Found a viscous altar of Jiyva.
 48409 | Lair:8   | Found a staircase to the Slime Pits.
 48502 | Lair:8   | Offered knowledge of Conjure Ball Lightning by Vehumet.
 52511 | Orc:1    | Noticed Dowan
 52516 | Orc:1    | Offered knowledge of Delayed Fireball by Vehumet.
 52517 | Orc:1    | Killed Dowan
 52519 | Orc:1    | Noticed Erolcha
 52523 | Orc:1    | Killed Erolcha
 52524 | Orc:1    | Noticed Duvessa
 52793 | Orc:1    | Killed Duvessa
 53487 | Orc:1    | Learned a level 7 spell: Delayed Fireball
 55989 | Orc:3    | Noticed Josephine
 55991 | Orc:3    | Killed Josephine
 56668 | Orc:4    | Entered Level 4 of the Orcish Mines
 56815 | Orc:4    | Noticed Harold
 56821 | Orc:4    | Killed Harold
 57010 | Orc:4    | Noticed Nessos
 57016 | Orc:4    | Killed Nessos
 57836 | Orc:4    | Noticed Psyche
 57837 | Orc:4    | Killed Psyche
 58022 | Orc:4    | Reached XP level 15. HP: 90/90 MP: 23/37
 58523 | Orc:4    | Reached skill level 17 in Spellcasting
 58918 | Orc:4    | Offered knowledge of Bolt of Draining by Vehumet.
 59363 | Orc:4    | Found Shaala's General Store.
 59363 | Orc:4    | Found Onosapen's Weapon Boutique.
 59369 | Orc:4    | Found Omeych's Book Shop.
 59374 | Orc:4    | Found Skosiwing's Distillery.
 59378 | Orc:4    | Bought a book of Fire for 845 gold pieces
 59387 | Orc:4    | Learned a level 7 spell: Ring of Flames
 59388 | Orc:4    | Bought a scroll of identify for 26 gold pieces
 59388 | Orc:4    | Bought a scroll of fog for 26 gold pieces
 59388 | Orc:4    | Bought a scroll of enchant weapon I for 71 gold pieces
 59958 | Elf:1    | Entered Level 1 of the Elven Halls
 60592 | Lair:1   | Learned a level 5 spell: Ignite Poison
 60740 | D:13     | Reached skill level 1 in Charms
 61360 | D:14     | Entered Level 14 of the Dungeon
 61379 | D:14     | Noticed Agnes
 61385 | D:14     | Killed Agnes
 62512 | D:15     | Entered Level 15 of the Dungeon
 62873 | D:15     | Got a shimmering robe
 62933 | D:15     | Identified the cursed +2 robe "Tettaph" {rC++ SInv} (You found it on level 15 of the Dungeon)
 63294 | D:16     | Found a shimmering altar of Xom.
 63301 | D:16     | Noticed Rupert
 63315 | D:16     | Found a blossoming altar of Fedhas.
 64057 | D:16     | Killed Rupert
 64458 | D:16     | Offered knowledge of Lehudib's Crystal Spear by Vehumet.
 64458 | D:16     | Offered knowledge of Chain Lightning by Vehumet.
 64458 | D:16     | Offered knowledge of Tornado by Vehumet.
 65624 | D:16     | Reached skill level 5 in Charms
 67852 | D:17     | Found Zouseaz's Armour Shop.
 67865 | D:17     | Found a white marble altar of Elyvilon.
 68794 | D:18     | Noticed Louise
 68807 | D:18     | Killed Louise
 68903 | D:18     | Noticed Azrael
 68911 | D:18     | Killed Azrael
 70169 | D:18     | Reached XP level 16. HP: 90/96 MP: 28/38
 71749 | D:19     | Found a flickering gateway to a bazaar.
 71771 | Bazaar   | Entered a bazaar
 71772 | Bazaar   | Found Feops' Food Shop.
 71779 | Bazaar   | Found Yraitol's Book Boutique.
 71797 | Bazaar   | Found Unacha's Book Boutique.
 71818 | Bazaar   | Found Esonlyna's Magic Scroll Boutique.
 71824 | Bazaar   | Bought a scroll of identify for 32 gold pieces
 71824 | Bazaar   | Bought a scroll of teleportation for 48 gold pieces
 71824 | Bazaar   | Bought a scroll of identify for 32 gold pieces
 71824 | Bazaar   | Bought a scroll of identify for 32 gold pieces
 71824 | Bazaar   | Bought a scroll of enchant weapon II for 88 gold pieces
 73014 | D:19     | Noticed Nergalle
 73017 | D:19     | Killed Nergalle
 74811 | D:19     | Noticed Boris
 74854 | D:19     | Killed Boris
 75690 | D:19     | Noticed an ancient lich
 75695 | D:19     | Killed an ancient lich
 75695 | D:19     | Reached skill level 10 in Charms
 76811 | D:19     | Got a crystal great mace
 76821 | D:19     | Identified the cursed great mace of Supply {flame, rElec rN+} (You found it on level 19 of the Dungeon)
 77547 | D:19     | Found Kuacsad's Weapon Shoppe.
 78606 | D:19     | Found Matit's Jewellery Shoppe.
 78611 | D:19     | Bought an uncursed amulet of clarity for 320 gold pieces
 79101 | D:19     | Shot with a poisoned bolt by a yaktaur captain

Action                   |  1- 3 |  4- 6 |  7- 9 | 10-12 | 13-15 | 16-18 || total
-------------------------+-------+-------+-------+-------+-------+-------++-------
Melee: Club              |    64 |       |       |       |       |       ||    64
       Long sword        |       |    16 |       |       |     6 |       ||    22
       Quarterstaff      |       |    33 |   204 |   247 |       |       ||   484
       Staff             |       |       |       |       |     8 |     2 ||    10
       Triple sword      |       |       |       |       |     8 |     6 ||    14
Throw: Dart              |    11 |    19 |       |       |       |       ||    30
 Cast: Flame Tongue      |    81 |    72 |   110 |    57 |       |       ||   320
       Throw Flame       |       |    68 |   244 |   181 |    11 |       ||   504
       Conjure Flame     |       |     5 |    13 |    59 |     4 |       ||    81
       Inner Flame       |       |       |     8 |    37 |    24 |       ||    69
       Fireball          |       |       |       |   104 |   147 |    40 ||   291
       Iskenderun's Batt |       |       |       |   105 |   290 |    30 ||   425
       Iskenderun's Myst |       |       |       |   228 |   922 |    95 ||  1245
       Stone Arrow       |       |       |       |     1 |       |       ||     1
       Repel Missiles    |       |       |       |     1 |    11 |    13 ||    25
       Mephitic Cloud    |       |       |       |     1 |       |       ||     1
       Orb of Destructio |       |       |       |       |   151 |   151 ||   302
       Delayed Fireball  |       |       |       |       |     2 |       ||     2
       Ring of Flames    |       |       |       |       |     3 |    16 ||    19
       Ignite Poison     |       |       |       |       |     1 |       ||     1
 Abil: Release Delayed F |       |       |       |       |     1 |     1 ||     2
       Evoke Flight      |       |       |       |       |     1 |       ||     1
Evoke: Wand              |       |     1 |     1 |    15 |    39 |    12 ||    68
       Miscellaneous     |       |       |       |       |     3 |     2 ||     5
  Use: Scroll            |       |    21 |    14 |    13 |    23 |     4 ||    75
 Stab: Petrifying        |       |     1 |       |     1 |       |       ||     2
       Paralysed         |       |       |     2 |       |       |       ||     2
